 Dungeon Crawl Stone Soup version bcrawl-1.21.3 (webtiles) character file.

Game seed: 3488527250369439219

29 Flugslaktarn the Sneak (level 3, 0/21 HPs)
             Began as a Skeleton Archaeologist on Mar 28, 2020.
             Slain by a jackal (2 damage)
             ... on level 1 of the Dungeon.
             The game lasted 00:00:36 (662 turns).

Flugslaktarn the Sneak (Skeleton Archaeologist)      Turns: 662, Time: 00:00:36

Health: 0/21       AC:  6    Str: 17 (18) XL:     3   Next: 1%
Magic:  0/3        EV:  7    Int: 12      God:
Gold:   24         SH: 11    Dex:  7      Spells: 2/2 levels left

rFire    . . .     SeeInvis .   a - +0 whip
rCold    + . .     Gourm    .   k - +0 large shield
rNeg     + + +     Faith    .   b - +1 robe
rPois    ∞         Spirit   +   c - +1 hat
rElec    .         Reflect  .   (no cloak)
rCorr    .         Harm     .   (no gloves)
MR       .....                  d - +1 pair of boots
Stlth    ++........             (no amulet)
HPRegen  0.07/turn              (no ring)
MPRegen  0.08/turn              (no ring)

@: no status effects
A: no food or potions, cold resistance 1, deterioration 1, negative energy
resistance 3, torment resistance, unbreathing, magic shield, sturdy frame 1,
spell healing
a: no special abilities


You were on level 1 of the Dungeon.
You were not hungry.

You visited 1 branch of the dungeon, and saw 1 of its levels.

You collected 24 gold pieces.

Inventory:

Hand Weapons
 a - a +0 whip (weapon)
Armour
 b - a +1 robe (worn)
 c - a +1 hat (worn)
 d - a +1 pair of boots (worn)
 k - a +0 large shield (worn)
   (You found it on level 1 of the Dungeon)
Jewellery
 j - a +1 ring of protection {unknown}
   (You found it on level 1 of the Dungeon)
Scrolls
 e - a scroll of magic mapping
 g - 3 scrolls of remove curse {unknown}
 h - a scroll of noise {unknown}
 i - a scroll of identify {unknown}
Miscellaneous
 f - a dusty tome


   Skills:
 * Level 2.2 Fighting
 - Level 1.8 Maces & Flails
 + Level 1.2 Armour
 - Level 3.0 Dodging
 - Level 3.6 Stealth
 + Level 0.4 Shields


You had 2 spell levels left.
You didn't know any spells.
Your spell library was empty.

Dungeon Overview and Level Annotations

Branches:
Dungeon (1/12)

Altars:


Innate Abilities, Weirdness & Mutations

You do not eat or drink.
You are immune to poison.
Your flesh is cold resistant. (rC+)
Your body sometimes deteriorates upon taking damage.
You are immune to negative energy. (rN+++)
You are immune to unholy pain and torment.
You can survive without breathing.
When hurt, damage is shared between your health and your magic reserves.
Your movements are slightly less encumbered by armour. (ER -2)
Casting spells heals you.


Message History

The jackal is heavily wounded.
You block the jackal's attack.
The jackal bites you but does no damage.
You closely miss the jackal.
The jackal is moderately wounded.
The jackal bites you but does no damage.
You hit the jackal.
You kill the jackal!
You have reached level 3!
Your experience leads to an increase in your attributes!
Your base attributes are Str 17, Int 12, Dex 7.
Increase (S)trength, (I)ntelligence, or (D)exterity?
You feel stronger. You block the jackal's attack.
You hit the jackal but do no damage. You block the jackal's attack.
You hit the jackal but do no damage.
The jackal bites you but does no damage.
You block the jackal's attack.
You barely miss the jackal. The jackal bites you.
You die...

###P♣ #............#
....# .#............#
....# ..............#
....# #.............#
....# #..........=..#
###.# ##>...........###
###.#####..............#
........#.######h###....#
≈.......+. #@## .##.#
≈♣......# ####..##.# .#
≈.......# ###.#P..P..♣#.
#
........###...≈≈.≈≈.≈≈..
..........†...P≈≈.≈≈.≈≈P
#######...)..≈†≈≈≈≈≈≈≈≈.
# #.....P≈P≈≈≈≈≈≈.≈. #
#.......≈.≈.≈.≈≈.. #
#......P≈≈≈≈.≈≈P..


You could see a jackal.

Vanquished Creatures
  An ooze (D:1)
  2 leopard geckos (D:1)
  A giant cockroach (D:1)
  2 goblins (D:1)
  3 hobgoblins (D:1)
  3 jackals (D:1)
  6 kobolds (D:1)
  2 rats (D:1)
20 creatures vanquished.

Notes
Turn   | Place    | Note
-------+----------+-------------------------------------------
     0 | D:1      | Flugslaktarn the Skeleton Archaeologist began the quest for
                  | the Orb.
     0 | D:1      | Reached XP level 1. HP: 12/12 MP: 1/1
   140 | D:1      | Reached XP level 2. HP: 10/16 MP: 0/2
   411 | D:1      | Reached skill level 1 in Armour
   659 | D:1      | Reached XP level 3. HP: 2/21 MP: 0/3
   662 | D:1      | Slain by a jackal

Skill      XL: |  1  2 |
---------------+-------+-----
Armour         | 1 |  1.2
Fighting       | 2 |  2.2
Maces & Flails | |  1.8
Dodging        | |  3.0
Stealth        | |  3.6
Shields        | |  0.4

Action                   || total
-------------------------++-------
Melee: Whip              ||    82
 Stab: Sleeping          ||     1
Armor: Robe              ||    37
Dodge: Dodged            ||    48
Block: Large shield      ||    49
